 Dungeon Crawl Stone Soup version 0.26.0-10-g1f06aea511 (webtiles) character file.

Game seed: 8850819284124917799

1727697 emikaela the Conqueror (level 27, 290/290 HPs)
             Began as an Ogre Berserker on Jan 16, 2021.
             Was a High Priest of Trog.
             Escaped with the Orb
             ... and 3 runes!
             The game lasted 05:24:02 (69032 turns).

emikaela the Conqueror (Ogre Berserker)            Turns: 69032, Time: 05:24:03

Health: 290/290    AC: 29    Str: 28    XL:     27
Magic:  41/41      EV: 19    Int:  6    God:    Trog [*****.]
Gold:   5406       SH: 27    Dex: 18    Spells: 26/26 levels left

rFire    + + .     SeeInvis +   a - +9 broad axe (elec)
rCold    + . .     Faith    .   Y - +0 tower shield of Zazolas {+Inv MP+9 Int-3 SInv}
rNeg     . . .     Spirit   .   b - +6 storm dragon scales "Ymoguosa" {rElec rF++ Will- Regen+ Str+3}
rPois    .         Reflect  +   Q - +2 hood of the Assassin {Detection Stab+ Stlth++}
rElec    +         Harm     .   M - +2 cloak {rCorr}
rCorr    +         Rampage  .   (gloves unavailable)
Will     +....                  (boots unavailable)
Stlth    +.........             v - amulet of reflection
HPRegen  0.98/turn              E - ring "Geplysyf" {rElec Str-4 Dex+6 Slay+6 Stlth+, =R}
MPRegen  0.27/turn              R - ring of Immorality {+Fly MP+9 Int+3 Dex-3 Slay+6}

@: no status effects
A: large, unfitting armour, clumsy 1, cold resistance 1, dopey 1, frail 1, tough
skin 1, subdued magic 2
0: Orb of Zot
}: 3/15 runes: decaying, serpentine, abyssal
a: Renounce Religion, Evoke Invisibility, Evoke Flight, Berserk, Trog's Hand,
Brothers in Arms


You escaped.
You worshipped Trog.
Trog was extremely pleased with you.
You visited 9 branches of the dungeon, and saw 48 of its levels.
You visited the Abyss 2 times.
You visited 1 ziggurat, and saw 5 of its levels.
You also visited: Sewer, Ossuary, Ice Cave, Wizlab and Desolation.

You collected 7786 gold pieces.
You spent 2380 gold pieces at shops.

Inventory:

Hand Weapons
 a - a +9 broad axe of electrocution (weapon)
Missiles
 j - 12 javelins
 n - 5 throwing nets {!f}
 o - 7 silver javelins
 s - 1116 stones
 y - 129 large rocks (quivered)
Armour
 b - the +6 storm dragon scales "Ymoguosa" (worn) {rElec rF++ Will- Regen+ Str+3}
   (You acquired it on level 1 of the Vaults)

   It affects your strength (+3).
   It greatly protects you from fire.
   It insulates you from electricity.
   It affects your willpower, your defense against some magical effects.
   It increases your rate of regeneration.
 k - the +1 faerie dragon scales {*Corrode rElec rPois rN+++ rCorr}
   (You took it off the Enchantress on level 3 of the Depths)

   It insulates you from electricity.
   It protects you from poison.
   It renders you almost immune to negative energy.
   It provides partial protection from all sources of acid and corrosion.
   It may corrode you when you take damage.
 z - a +2 hat of willpower
 K - +6 acid dragon scales
 M - a +2 cloak of preservation (worn)
 Q - the +2 hood of the Assassin (worn) {Detection Stab+ Stlth++}
   (You found it on level 3 of a ziggurat)

   It makes you much more stealthy.
 Y - the +0 tower shield of Zazolas (worn) {+Inv MP+9 Int-3 SInv}
   (You acquired it on level 15 of the Dungeon)

   It affects your intelligence (-3).
   It affects your magic capacity (+9).
   It lets you see invisible.
   It lets you turn invisible.
Jewellery
 v - an amulet of reflection (around neck)
 w - an uncursed ring of protection from cold
 D - an uncursed ring of poison resistance
 E - the ring "Geplysyf" (left hand) {rElec Str-4 Dex+6 Slay+6 Stlth+, =R}
   (You found it on level 3 of the Vaults)

   [ring of dexterity]

   It affects your strength (-4).
   It affects your dexterity (+6).
   It affects your accuracy and damage with ranged weapons and melee attacks
   (+6).
   It insulates you from electricity.
   It makes you more stealthy.
 N - the ring of the Robin {+Blink rF+ rC+}
   (You took it off a deep elf mage on level 1 of the Elven Halls)

   [ring of protection from fire]

   It protects you from fire.
   It protects you from cold.
   It lets you blink.
 R - the ring of Immorality (right hand) {+Fly MP+9 Int+3 Dex-3 Slay+6}
   (You took it off a hell knight on level 3 of the Depths)

   [ring of flight]

   It affects your intelligence (+3).
   It affects your dexterity (-3).
   It affects your accuracy and damage with ranged weapons and melee attacks
   (+6).
   It affects your magic capacity (+9).
   It lets you fly.
 U - an uncursed ring of positive energy
Wands
 A - a wand of acid (56)
 B - a wand of iceblast (76)
 G - a wand of digging (9)
Scrolls
 c - 30 scrolls of remove curse
 d - 3 scrolls of enchant armour
 f - 8 scrolls of fear
 g - 8 scrolls of fog
 h - 5 scrolls of holy word
 i - 23 scrolls of identify
 l - 11 scrolls of blinking
 m - a scroll of magic mapping
 p - 23 scrolls of teleportation
 S - 3 scrolls of brand weapon
 V - 5 scrolls of silence {!r}
Potions
 e - 9 potions of mutation {!q}
 q - 2 potions of might
 t - 6 potions of invisibility
 x - 3 potions of heal wounds
 C - 3 potions of resistance
 H - 9 potions of haste
 J - 13 potions of curing
 L - 6 potions of cancellation
Miscellaneous
 r - a phantom mirror
 F - a lightning rod (4/4)
 O - a tin of tremorstones (2/2)
 T - a condenser vane
 W - a phial of floods
 X - a box of beasts


   Skills:
 O Level 27 Fighting
 - Level 22.6 Axes
 + Level 25.4 Throwing
 - Level 15.6 Armour
 - Level 18.3 Dodging
 - Level 15.0 Shields
 - Level 10.0 Evocations


You had 26 spell levels left.
You didn't know any spells.
Your spell library was empty.

Dungeon Overview and Level Annotations

Branches:
Dungeon (15/15)            Temple (0/1) D:5            Lair (6/6) D:8
  Swamp (4/4) Lair:4        Snake (4/4) Lair:4        Slime (0/5) Lair:6
    Orc (2/2) D:11            Elf (3/3) Orc:2        Vaults (4/5) D:13
  Crypt (0/3) Vaults:2     Depths (5/5) D:15            Zot (5/5) Depths:5
  Sewer (visited)         Ossuary (visited)           IceCv (visited)
 WizLab (visited)         Desolation (visited)

Altars:
Ashenzari
Dithmenos
Elyvilon
Fedhas
Gozag
Kikubaaqudgha
Makhleb
Nemelex Xobeh
Qazlal
Sif Muna
Trog
Vehumet
Xom
Yredelemnul
Zin
The Shining One
Jiyva

Shops:
Orc:1 ?[*   Orc:2 *([[   Elf:3 (   Snake:3 }=[[   Snake:4 =}=   Vaults:3 (}
Depths:4 [

Portals:
Hell: Depths:1 Depths:2 Depths:3 Depths:4 Depths:5
Abyss: Depths:3 Depths:4 Depths:5
Pandemonium: Depths:3 Depths:4

Annotations:
D:10 1 runed translucent door, Jatjacob's ghost, journeyman MiBe
Lair:2 exclusion: 3 oklob plants
Swamp:2 1 runed translucent door
Elf:2 3 runed translucent doors


Innate Abilities, Weirdness & Mutations

You are too large for most types of armour.
You have tough skin. (AC +1)
You are clumsy. (Dex -2)
Your flesh is cold resistant. (rC+)
You are dopey. (Int -2)
You are frail. (-10% HP)
Your spells are easier to cast, but less powerful.


Message History

There is a stone staircase leading down here.
A sixfirhy, an orange demon and a sun demon come into view.
The sun demon shouts!
The orange demon screeches!
Evoke which item? (* to show all) (? for menu, Esc to quit)
Aiming: Dig
Press: ? - help, Shift-Dir - straight line A rock wall.
This square is covered in magical glow.
The rock shatters into small pieces.
You block the sixfirhy's attack. You block the sixfirhy's attack.
The sixfirhy hits you but does no damage.
The sixfirhy barely misses you.
There is an escape hatch in the floor here.
The sixfirhy misses you.
You block the sixfirhy's attack. x2; The sixfirhy completely misses you.
There is an open door here.
You block the sixfirhy's attack. x2; The sixfirhy barely misses you.
There is a staircase leading out of the dungeon here.
You have escaped!

##'## ##>## ##'##
##...######...######...##
#.......)...............#
#..⌠........⌠........⌠..#
#.......................#
##...######.3.######...##
##### #####3##### #####
##.........##
#..♣..@..♣..#
##.........## ###########


You could see a sun demon and a sixfirhy.

Vanquished Creatures
  2 orbs of fire (Zot:5)
  5 ancient liches (Zot:5)
  3 juggernauts
  Boris (Depths:5)
  A caustic shrike (Depths:4)
  Xtahua (Depths:5)
  Frederick (Depths:5)
  2 Killer Klowns (Zot:5)
  3 curse toes
  Vashnia (Snake:4)
  Saint Roka (Depths:1)
  Nikola (Elf:3)
  8 golden dragons
  A profane servitor (Abyss:3)
  2 bone dragons (Abyss:2)
  the Enchantress (Depths:3)
  2 hellephants (Abyss:4)
  A Brimstone Fiend (D:7)
  5 electric golems
  A doom hound (Zig:3)
  4 liches
  25 Orb Guardians
  10 tentacled monstrosities
  2 deep elf blademasters (Elf:3)
  2 deep elf master archers (Elf:3)
  5 quicksilver dragons
  3 titans
  8 tentacled starspawn
  3 death cobs
  An Executioner (Depths:1)
  9 sphinxes
  A draconian monk (Zot:4)
  8 shadow dragons
  13 storm dragons
  The ghost of Liforeniyw the Executioner, an adept MiBe of Trog (Snake:3)
  The ghost of Zyfedd the Spry, an adept OpTm of Ru (Snake:4)
  4 fenstrider witches
  Donald (Elf:1)
  5 tengu reavers
  A revenant (Abyss:3)
  4 nagarajas
  8 fire giants
  An azure jelly (Zig:2)
  8 frost giants
  4 draconian knights
  3 ghost moths
  3 iron dragons
  5 deep elf sorcerers
  A balrug (Abyss:3)
  13 vault wardens
  Aizul (Swamp:3)
  3 draconian shifters
  3 draconian scorchers
  2 orc warlords
  A draconian stormcaller (Zot:4)
  A cacodemon (Abyss:2)
  2 deep elf elementalists
  16 very ugly things
  11 ironheart preservers
  6 spriggan defenders
  2 war gargoyles
  4 draconian annihilators
  21 stone giants
  2 dire elephants (Abyss:4)
  4 deep elf demonologists
  9 green draconians
  2 purple draconians
  2 vampire knights
  5 black draconians
  3 white draconians
  A lorocyproca (Depths:1)
  A black sun (Depths:1)
  5 bunyips
  6 yellow draconians
  6 deep elf annihilators
  8 red draconians
  14 spark wasps
  6 blizzard demons
  13 ettins
  5 deep elf death magi (Elf:3)
  2 eidola
  7 eleionomae
  A ragged hierophant (Desolation)
  18 ogre magi
  17 yaktaur captains
  4 deep elf high priests
  11 great orbs of eyes
  11 fire dragons
  3 rakshasas
  19 vault guards
  8 boulder beetles
  A hell beast (Depths:4)
  A servant of whispers (Desolation)
  Harold (Lair:2)
  22 hydras
  9 ghost crabs
  12 naga warriors
  8 ice dragons
  11 spriggan air magi
  An anaconda (shapeshifter) (Depths:4)
  8 anacondas
  6 alligators
  5 centaur warriors
  2 death knights
  5 deep troll shamans
  50 two-headed ogres
  10 dancing weapons
  A deep troll earth mage (Depths:1)
  3 hell hogs (Abyss:3)
  10 thrashing horrors
  8 shock serpents
  9 tengu warriors
  3 soul eaters
  14 spriggans
  6 spriggan berserkers
  18 naga sharpshooters
  25 deep elf knights
  A shadow wraith (Vaults:2)
  3 fire crabs (Swamp:4)
  Nergalle (Lair:2)
  18 hell knights
  2 goliath frogs
  29 large abominations
  7 wretched stars
  A sixfirhy (Abyss:3)
  A titan skeleton (Depths:1)
  7 salamander mystics
  5 spatial maelstroms
  3 unseen horrors
  An unseen horror (shapeshifter) (Elf:3)
  11 naga ritualists
  A deep troll (shapeshifter) (Depths:3)
  12 deep trolls
  A torturous demonspawn (Depths:1)
  5 flayed ghosts
  2 wizards
  An anaconda skeleton (Abyss:2)
  5 glowing orange brains
  8 swamp dragons
  A bog body (Swamp:1)
  5 spriggan druids
  2 gelid demonspawn
  A shadow demon (Abyss:2)
  2 lindwurms (Lair:6)
  An obsidian statue (Zot:5)
  16 ironbrand convokers
  Pikel (D:5)
  3 wolf spider zombies
  12 orc knights
  16 necromancers
  A sphinx zombie (Vaults:3)
  18 deep elf archers
  9 mana vipers
  A tengu skeleton (Depths:1)
  A frost giant zombie (Vaults:1)
  3 orb spiders (shapeshifter)
  5 wolf spiders
  8 harpies
  An iron dragon zombie (Zig:1)
  85 deep elf magi
  A phantasmal warrior (Abyss:2)
  2 fire giant zombies (Vaults:1)
  6 orc sorcerers
  3 manticores
  A faun (shapeshifter) (Vaults:4)
  2 will-o-the-wisps
  A cyclops (shapeshifter) (Vaults:3)
  12 cyclopes
  38 ugly things
  23 salamanders
  4 worldbinders
  11 elephants
  A salamander (shapeshifter) (Vaults:4)
  Maurice (D:13)
  2 frost giant skeletons
  12 moths of wrath
  4 guardian serpents
  A rust devil (Abyss:2)
  A water nymph (shapeshifter) (Depths:4)
  An ice statue (IceCv)
  57 black mambas
  4 gargoyles
  25 naga magi
  4 orange demons
  A centaur zombie (D:11)
  3 smoke demons
  5 apocalypse crabs
  11 vault sentinels
  5 torpor snails (Lair:6)
  18 cane toads
  3 kobold demonologists
  A yaktaur zombie (Vaults:1)
  A hellion (Abyss:2)
  2 rime drakes
  63 yaktaurs
  4 efreet
  2 demonic crawlers (Elf:3)
  Maggie (D:7)
  2 hellwings (Abyss:2)
  An ice devil (Abyss:3)
  5 ancient zymes
  21 freezing wraiths
  13 komodo dragons
  9 tengu conjurers
  A silent spectre (Abyss:4)
  A harpy zombie (D:15)
  13 trolls
  2 polar bears
  5 wind drakes (WizLab)
  Prince Ribbit (D:8)
  25 hornets
  A hydra skeleton (Abyss:2)
  16 tyrant leeches
  11 saltlings (Desolation)
  15 blink frogs
  18 raiju
  18 slime creatures
  2 dream sheep (shapeshifter) (Depths:4)
  A human simulacrum (Vaults:1)
  A meliai zombie (D:11)
  16 flying skulls
  An ettin skeleton (Abyss:2)
  52 starcursed masses
  Sigmund (D:3)
  6 centaur simulacra
  9 air elementals (WizLab)
  An ice dragon skeleton (Depths:1)
  A vampire (D:15)
  7 water elementals
  4 shadows
  A redback (shapeshifter) (Depths:1)
  6 wraiths
  37 yaks
  2 ynoxinuls
  4 fire bats (Lair:3)
  20 humans (D:13)
  A golden eye (shapeshifter) (Vaults:4)
  3 fire elementals (Elf:1)
  27 vampire mosquitoes
  17 wyverns
  6 chaos spawn
  3 basilisks
  7 neqoxecs
  16 small abominations
  A steam dragon (Swamp:4)
  A death yak simulacrum (IceCv)
  Grum (D:11)
  11 swamp worms
  10 spatial vortices
  47 nagas
  4 wargs
  An acid dragon (Vaults:1)
  29 water moccasins
  A floating eye (Depths:3)
  Purgy (Sewer)
  A hornet zombie (D:14)
  11 swamp drakes
  3 hell hounds (Abyss:2)
  9 ice beasts
  2 alligator simulacra (IceCv)
  46 orc warriors
  2 eyes of draining
  5 sky beasts
  A black bear (shapeshifter) (Depths:1)
  3 phantoms
  4 black bears
  5 necrophages
  A boggart (shapeshifter) (D:12)
  3 ogres (shapeshifter)
  26 wolves
  3 boggarts (Depths:2)
  52 ogres
  A snapping turtle skeleton (Abyss:2)
  2 human skeletons (Vaults:3)
  14 centaurs
  Blork the orc (D:6)
  An elf zombie (D:9)
  19 bullfrogs
  7 big kobolds
  A wyvern zombie (D:13)
  An earth elemental (Elf:2)
  10 scorpions
  An elephant simulacrum (IceCv)
  5 killer bees (D:8)
  26 wights
  6 howler monkeys
  4 crimson imps
  4 quasits
  A yaktaur simulacrum (Vaults:1)
  3 draconian simulacra (IceCv)
  A bullfrog zombie (D:13)
  6 hounds
  3 bullfrog skeletons
  6 human zombies
  18 orc priests
  Crazy Yiuf (D:2)
  5 iron imps
  6 jellies
  38 orc wizards
  4 centaur skeletons
  Jessica (D:14)
  3 iguanas
  Terence (D:2)
  11 worker ants
  7 hell rats (Lair:3)
  5 troll simulacra (IceCv)
  A spriggan simulacrum (IceCv)
  An ogre zombie (D:9)
  3 hound skeletons
  A mummy (D:9)
  2 worker ant zombies
  16 adders
  2 gnolls (Orc:1)
  A howler monkey skeleton (D:11)
  5 naga simulacra (IceCv)
  An ogre simulacrum (IceCv)
  7 shadow imps
  25 white imps
  8 ufetubi
  An adder skeleton (D:4)
  2 adder zombies (Ossuary)
  A worm (D:4)
  A dart slug (D:4)
  5 leopard geckos
  126 orcs
  8 bats
  6 giant cockroaches
  7 goblins
  7 hobgoblins
  13 jackals
  37 kobolds
  5 quokkas
  A quokka (shapeshifter) (Vaults:3)
  A ball python skeleton (Ossuary)
  2 frilled lizards
  2 hobgoblin zombies (Ossuary)
  A jackal skeleton (D:4)
  2 kobold zombies (Ossuary)
  A leopard gecko zombie (D:9)
  An orc skeleton (Ossuary)
  An orc zombie (Ossuary)
  2 rats (D:2)
  2 crawling corpses (Elf:3)
  A lurking horror (Abyss:3)
  9 starspawn tentacles
2624 creatures vanquished.

Vanquished Creatures (collateral kills)
  5 ancient liches (Zot:5)
  An orb of fire (Zot:5)
  A juggernaut (Depths:4)
  A Killer Klown (Zot:5)
  Rupert (D:15)
  A Cloud Mage (WizLab)
  2 tentacled monstrosities
  An Orb Guardian (Zot:5)
  A tengu reaver (Depths:4)
  4 nagarajas (Snake:4)
  2 orc warlords (Orc:1)
  A draconian shifter (Zot:5)
  A very ugly thing (Depths:4)
  A spriggan defender (Depths:3)
  A deep elf annihilator (Depths:4)
  A fire dragon (Depths:4)
  2 naga warriors (Snake:4)
  3 hell knights
  4 naga sharpshooters (Snake:4)
  A small abomination (Elf:3)
  A naga ritualist (Snake:4)
  4 moths of wrath (Zot:5)
  4 naga magi
  A tengu conjurer (Depths:5)
  An ancient zyme (Zig:5)
  5 nagas
  8 orc warriors (Orc:1)
  2 ogres (Orc:1)
  A crimson imp (Orc:1)
  An orc priest (Orc:1)
  2 orc wizards (Orc:1)
  A gnoll (Orc:1)
  6 orcs
72 creatures vanquished.

Vanquished Creatures (others)
  An iron dragon (Depths:4)
  A spark wasp (WizLab)
  A deep elf death mage (Elf:3)
  3 spriggan air magi (WizLab)
  A hell hog (Abyss:3)
  A salamander mystic (Snake:3)
  A deep elf mage (Orc:2)
  A naga mage (Snake:4)
  A bloated husk (Swamp:2)
  A wind drake (WizLab)
  2 air elementals (WizLab)
  A chaos spawn (Abyss:2)
  4 swamp drakes (Swamp:4)
  An ogre (Depths:2)
  4 foxfires (Lair:6)
  37 fungi
  A lurking horror (Abyss:3)
  106 plants
  11 starspawn tentacles
179 creatures vanquished.

Grand Total: 2875 creatures vanquished

Notes
Turn   | Place    | Note
-------+----------+-------------------------------------------
     0 | D:1      | emikaela the Ogre Berserker began the quest for the Orb.
     0 | D:1      | Reached XP level 1. HP: 24/24 MP: 1/1
     3 | D:1      | You fall into a shaft and drop 1 floor!
     4 | D:2      | Noticed Terence
     7 | D:2      | Found a shadowy altar of Dithmenos.
    12 | D:2      | Killed Terence
    13 | D:2      | Reached skill level 5 in Fighting
    13 | D:2      | Reached XP level 2. HP: 35/35 MP: 2/2
    13 | D:2      | Reached XP level 3. HP: 42/42 MP: 3/3
   684 | D:1      | Found a sparkling altar of Nemelex Xobeh.
   804 | D:2      | Reached skill level 6 in Fighting
   804 | D:2      | Reached skill level 1 in Throwing
   975 | D:2      | Reached XP level 4. HP: 51/52 MP: 4/4
  1057 | D:2      | Found a runed translucent door.
  1058 | D:2      | Noticed Crazy Yiuf
  1224 | D:2      | Reached XP level 5. HP: 44/61 MP: 5/5
  1383 | D:2      | Killed Crazy Yiuf
  1445 | D:3      | Noticed Sigmund
  1534 | D:3      | Found a bloodstained altar of Trog.
  1711 | D:4      | Reached ** piety under Trog
  1801 | D:3      | Reached skill level 7 in Fighting
  2076 | D:4      | Reached XP level 6. HP: 71/71 MP: 6/6
  2157 | D:4      | Found a glowing golden altar of the Shining One.
  2803 | D:5      | Entered Level 5 of the Dungeon
  2896 | D:5      | Found a glowing drain.
  2903 | D:5      | Reached skill level 8 in Fighting
  2922 | Sewer    | Entered a sewer
  2984 | Sewer    | Noticed Purgy
  2995 | Sewer    | Killed Purgy
  2995 | Sewer    | Reached *** piety under Trog
  2996 | Sewer    | Reached XP level 7. HP: 65/81 MP: 7/7
  3150 | D:5      | Found a shimmering altar of Xom.
  3176 | D:5      | Found a staircase to the Ecumenical Temple.
  3201 | D:5      | Noticed Pikel
  3214 | D:5      | Killed Pikel
  3215 | D:5      | Reached skill level 10 in Fighting
  3215 | D:5      | Reached XP level 8. HP: 13/93 MP: 8/8
  4087 | D:5      | Found a shadowy altar of Dithmenos.
  4628 | D:6      | Noticed Blork the orc
  4640 | D:6      | Killed Blork the orc
  4843 | D:6      | Reached skill level 11 in Fighting
  5018 | D:6      | Found Zin's Purification Station.
  5020 | D:6      | Found a glowing silver altar of Zin.
  5194 | D:6      | Reached XP level 9. HP: 105/105 MP: 9/9
  5357 | D:7      | Found a radiant altar of Vehumet.
  5592 | D:7      | Found a white marble altar of Elyvilon.
  6111 | D:6      | Bought a potion of curing for 90 gold pieces
  6195 | D:7      | Reached skill level 12 in Fighting
  6274 | D:7      | Noticed Maggie
  6279 | D:7      | Killed Maggie
  6346 | D:7      | Found a stormy altar of Qazlal.
  6348 | D:7      | Found a blossoming altar of Fedhas.
  6427 | D:7      | Found an ancient bone altar of Kikubaaqudgha.
  6600 | D:8      | Reached skill level 5 in Dodging
  6768 | D:8      | Noticed a two-headed ogre
  6777 | D:8      | Killed a two-headed ogre
  6778 | D:8      | Reached XP level 10. HP: 115/115 MP: 10/10
  6876 | D:8      | Found a sand-covered staircase.
  6882 | Ossuary  | Entered an ossuary
  6918 | Ossuary  | Reached **** piety under Trog
  7208 | D:8      | Found a staircase to the Lair.
  7226 | D:8      | Noticed Prince Ribbit
  7233 | D:8      | Killed Prince Ribbit
  7741 | D:8      | Reached skill level 5 in Axes
  7794 | D:8      | Paralysed by a hornet for 1 turns
  8406 | D:9      | Reached ***** piety under Trog
  8714 | D:9      | Found a basalt altar of Yredelemnul.
  8804 | D:9      | Reached XP level 11. HP: 101/123 MP: 11/11
  9425 | D:10     | Entered Level 10 of the Dungeon
  9841 | D:10     | Reached skill level 10 in Axes
 10174 | D:10     | Found a runed translucent door.
 10177 | D:10     | Noticed Jatjacob's ghost (journeyman MiBe)
 10180 | D:10     | Identified the +4 trident of Jefuuch {flame, rC++ Will+}
 10343 | D:10     | Noticed a spriggan rider
 10551 | D:11     | Reached skill level 1 in Evocations
 10584 | D:11     | Found a staircase to the Orcish Mines.
 10834 | D:11     | Noticed a manticore
 11086 | D:11     | Received a gift from Trog
 11191 | D:11     | Found a blossoming altar of Fedhas.
 11323 | D:11     | Noticed a two-headed ogre
 11477 | D:11     | Noticed Grum
 11494 | D:11     | Killed Grum
 11603 | D:11     | Noticed a two-headed ogre
 11614 | D:11     | Killed a two-headed ogre
 11684 | D:11     | Killed a two-headed ogre
 11888 | D:12     | Noticed a red ugly thing
 11896 | D:12     | Killed a red ugly thing
 11897 | D:12     | Reached skill level 13 in Fighting
 11897 | D:12     | Reached XP level 12. HP: 136/136 MP: 12/12
 12295 | D:3      | Killed Sigmund
 12454 | D:3      | Found a burning altar of Makhleb.
 12457 | D:3      | Noticed an Executioner
 12655 | Lair:1   | Entered Level 1 of the Lair of Beasts
 12660 | Lair:1   | Noticed an eight-headed hydra
 12861 | Orc:1    | Entered Level 1 of the Orcish Mines
 13049 | Orc:1    | Found Cesasyawk's Assorted Antiques.
 13080 | Orc:1    | Received a gift from Trog
 13315 | Orc:1    | Found Haunnuh's Antique Armour Emporium.
 13376 | Orc:1    | Noticed an orc warlord
 13458 | Orc:1    | Killed an orc warlord
 13704 | Orc:1    | You fall into a shaft and drop 1 floor!
 13704 | Orc:2    | Entered Level 2 of the Orcish Mines
 13704 | Orc:2    | Noticed an ogre mage
 13704 | Orc:2    | Noticed a two-headed ogre
 13704 | Orc:2    | Noticed a two-headed ogre
 13704 | Orc:2    | Noticed a two-headed ogre
 13704 | Orc:2    | Noticed an ogre mage
 13705 | Orc:2    | Noticed a two-headed ogre
 13705 | Orc:2    | Noticed a two-headed ogre
 13716 | Orc:1    | Killed a two-headed ogre
 13717 | Orc:1    | Reached skill level 14 in Fighting
 13717 | Orc:1    | Reached skill level 5 in Evocations
 13801 | Orc:1    | Noticed an orc warlord
 13823 | Orc:1    | Killed an orc warlord
 14098 | Orc:1    | Identified a scroll of acquirement
 14318 | Orc:1    | Received a gift from Trog
 14368 | Orc:1    | Acquired a manual of Axes
 14403 | Orc:1    | Bought a runed glass ring for 170 gold pieces
 14431 | Orc:1    | Bought a glowing cloak for 180 gold pieces
 14431 | Orc:1    | Bought a runed cloak for 180 gold pieces
 14543 | Orc:2    | Killed a two-headed ogre
 14564 | Orc:2    | Reached skill level 15 in Fighting
 14564 | Orc:2    | Noticed a two-headed ogre
 14580 | Orc:2    | Killed a two-headed ogre
 14581 | Orc:2    | Reached XP level 13. HP: 127/149 MP: 4/13
 15061 | Orc:2    | Noticed an ogre mage
 15072 | Orc:2    | Killed an ogre mage
 15321 | Orc:2    | Noticed an ogre mage
 15378 | Orc:2    | Reached skill level 15 in Axes
 16242 | Orc:2    | Killed an ogre mage
 16476 | Orc:2    | Found a staircase to the Elven Halls.
 16489 | Orc:2    | Found Jazyado's Armour Shop.
 16489 | Orc:2    | Found Pul Ysutz's Antique Weapon Emporium.
 16490 | Orc:2    | Found Qeqeoq's Antique Armour Emporium.
 16490 | Orc:2    | Found Qaunaria's Assorted Antiques.
 16499 | Orc:2    | Bought a scroll labelled REHEGU BOIS for 34 gold pieces
 16636 | Orc:2    | Received a gift from Trog
 16642 | Orc:2    | Killed an ogre mage
 17031 | Orc:2    | Bought a glowing cloak for 202 gold pieces
 17045 | Orc:2    | Bought a kite shield for 153 gold pieces
 17054 | Orc:2    | Bought a scarf of repulsion for 204 gold pieces
 17160 | Orc:2    | Reached skill level 1 in Shields
 17452 | Orc:1    | Found Rihig's Magic Scroll Shop.
 17468 | Orc:1    | Bought a scroll of silence for 127 gold pieces
 17611 | D:11     | Reached XP level 14. HP: 143/159 MP: 14/14
 17661 | D:12     | You fall into a shaft and drop 2 floors!
 18161 | D:13     | Reached skill level 5 in Shields
 18890 | D:12     | Identified the Incunabulum of Enthralling Combat Magic
 18902 | D:12     | Got an iridescent short sword
 18987 | D:12     | Reached ****** piety under Trog
 19072 | D:12     | You fall into a shaft and drop 1 floor!
 19352 | D:12     | Found a shimmering altar of Xom.
 19969 | D:13     | Received a gift from Trog
 19976 | D:13     | Got a masterwork bardiche {god gift}
 19989 | D:13     | Found a gate to the Vaults.
 20166 | D:13     | Noticed Maurice
 20180 | D:13     | Killed Maurice
 20333 | D:14     | Identified the Catalogue of the Shifting Birds
 20340 | D:14     | Reached XP level 15. HP: 167/167 MP: 15/15
 20421 | D:14     | Reached skill level 10 in Dodging
 20996 | D:14     | Noticed Jessica
 21002 | D:14     | Killed Jessica
 21011 | D:14     | Found a shimmering blue altar of Sif Muna.
 21199 | D:15     | Entered Level 15 of the Dungeon
 21783 | D:15     | Received a gift from Trog
 22072 | D:15     | Reached skill level 16 in Fighting
 22262 | D:15     | Noticed Rupert
 22272 | D:15     | Killed Rupert
 22527 | D:15     | Acquired the +0 tower shield of Zazolas {+Inv MP+9 Int-3
                  | SInv}
 23186 | D:15     | Found a staircase to the Depths.
 23368 | Lair:1   | Reached skill level 10 in Shields
 24423 | Lair:2   | Reached XP level 16. HP: 160/180 MP: 16/16
 24607 | Lair:2   | Noticed Nergalle
 24617 | Lair:2   | Received a gift from Trog
 24621 | Lair:2   | Killed Nergalle
 24685 | Lair:2   | Noticed Harold
 24703 | Lair:2   | Killed Harold
 26425 | Lair:3   | You fall into a shaft and drop 1 floor!
 26425 | Lair:4   | Found a staircase to the Swamp.
 26435 | Lair:4   | Received a gift from Trog
 26481 | Lair:4   | Found a frozen archway.
 26520 | IceCv    | Entered an ice cave
 26789 | IceCv    | Found an ancient bone altar of Kikubaaqudgha.
 27597 | Lair:4   | Received a gift from Trog
 27634 | Lair:4   | Found a staircase to the Snake Pit.
 29262 | Lair:6   | Entered Level 6 of the Lair of Beasts
 29785 | Lair:6   | Received a gift from Trog
 29950 | Lair:6   | Reached XP level 17. HP: 155/188 MP: 17/17
 30250 | Lair:6   | Found a staircase to the Slime Pits.
 30250 | Lair:6   | Found a viscous altar of Jiyva.
 30440 | Lair:6   | Found a runed translucent door.
 30622 | Lair:6   | Reached skill level 15 in Shields
 31362 | Snake:1  | Entered Level 1 of the Snake Pit
 32000 | Snake:1  | Received a gift from Trog
 32823 | Snake:2  | Reached skill level 17 in Fighting
 33273 | Snake:2  | Identified the +2 ring mail of Zin's Reproof {*Slow Will+++
                  | Str+3 Stlth+}
 33884 | Snake:2  | Found an opulent altar of Gozag.
 34616 | Snake:3  | Received a gift from Trog
 34728 | Snake:3  | Reached XP level 18. HP: 179/201 MP: 18/18
 34934 | Snake:3  | Found a large runed translucent door.
 34935 | Snake:3  | Found a large runed translucent door.
 34937 | Snake:3  | Noticed Liforeniyw's ghost (adept MiBe)
 35019 | Snake:3  | Found Juxkeint's Antique Armour Shoppe.
 35021 | Snake:3  | Found Maixt's Antique Armour Shoppe.
 35021 | Snake:3  | Found Omnobe's Gadget Emporium.
 35028 | Snake:3  | Found Xashrapa's Jewellery Emporium.
 35045 | Snake:3  | Bought a tin of tremorstones (2/2) for 480 gold pieces
 35165 | Snake:3  | Reached skill level 10 in Throwing
 35502 | Snake:3  | Killed Liforeniyw's ghost
 35693 | Snake:4  | Entered Level 4 of the Snake Pit
 35756 | Snake:4  | Reached skill level 18 in Fighting
 35834 | Snake:4  | Noticed Vashnia
 36034 | Snake:4  | Found a runed translucent door.
 36035 | Snake:4  | Noticed Zyfedd's ghost (adept OpTm)
 36090 | Snake:4  | Killed Zyfedd's ghost
 36311 | Snake:4  | Killed Vashnia
 36396 | Snake:4  | Received a gift from Trog
 37163 | Snake:4  | Received a gift from Trog
 37272 | Snake:4  | Reached XP level 19. HP: 214/214 MP: 19/19
 37298 | Snake:4  | Got a masterwork war axe {god gift}
 37300 | Snake:4  | Identified the +4 war axe "Luruidd" {vorpal, Dex+5} (Trog
                  | gifted it to you on level 4 of the Snake Pit)
 37511 | Snake:4  | Found Maihekur's Jewellery Shop.
 37511 | Snake:4  | Found Horuep's Gadget Shoppe.
 37512 | Snake:4  | Found Vemapn's Jewellery Shop.
 37527 | Snake:4  | Identified the +10 rapier "Qorick" {flame, +Fly rN+ Dex+3}
 37539 | Snake:4  | Reached skill level 10 in Evocations
 37925 | Snake:4  | Got a serpentine rune of Zot
 38134 | Swamp:1  | Entered Level 1 of the Swamp
 38312 | Swamp:1  | Reached skill level 19 in Fighting
 39072 | Swamp:2  | Found a runed translucent door.
 39759 | Swamp:3  | Noticed Aizul
 39776 | Swamp:3  | Killed Aizul
 40113 | Swamp:3  | Acquired a manual of Dodging
 40636 | Swamp:4  | Entered Level 4 of the Swamp
 40723 | Swamp:4  | Received a gift from Trog
 41330 | Swamp:4  | Reached skill level 20 in Fighting
 41745 | Swamp:4  | Reached XP level 20. HP: 212/228 MP: 20/20
 41840 | Swamp:4  | Got a decaying rune of Zot
 42099 | Swamp:4  | Acquired a manual of Dodging
 42746 | Vaults:1 | Entered Level 1 of the Vaults
 42853 | Vaults:1 | Found a ruined gateway.
 42889 | Desolati | Entered the Desolation of Salt
 43591 | Vaults:1 | Acquired the +6 storm dragon scales "Ymoguosa" {rElec rF++
                  | Will- Regen+ Str+3}
 43659 | Vaults:1 | Reached skill level 1 in Armour
 44576 | Vaults:2 | Received a gift from Trog
 44684 | Vaults:2 | Found a staircase to the Crypt.
 44684 | Vaults:2 | Found an ancient bone altar of Kikubaaqudgha.
 44685 | Vaults:2 | Found a basalt altar of Yredelemnul.
 44962 | Vaults:2 | Reached skill level 5 in Armour
 45346 | Vaults:2 | Acquired 376 gold pieces
 46048 | Vaults:3 | Received a gift from Trog
 46423 | Vaults:3 | Found Umnets's Gadget Emporium.
 46440 | Vaults:3 | Reached XP level 21. HP: 228/237 MP: 21/21
 46813 | Vaults:3 | Found Arypraif's Weapon Emporium.
 47083 | Vaults:3 | Received a gift from Trog
 47088 | Vaults:3 | Reached skill level 15 in Dodging
 47159 | Vaults:3 | Got a steaming golden ring
 47160 | Vaults:3 | Identified the ring "Geplysyf" {rElec Str-4 Dex+6 Slay+6
                  | Stlth+} (You found it on level 3 of the Vaults)
 47408 | Vaults:3 | Found the cursed necklace of Bloodlust {*Rage +Rage Will++
                  | Int-3 Slay+6 *Curse}
 47661 | Vaults:3 | Bought a phantom mirror for 560 gold pieces
 47701 | Vaults:4 | Received a gift from Trog
 47729 | Vaults:4 | Reached skill level 10 in Armour
 47920 | Vaults:4 | Found a magical portal.
 47938 | WizLab   | Entered The Chambers of the Cloud Mage
 48441 | WizLab   | Found the +3 warlock's mirror {reflect}
 48727 | Vaults:4 | Received a gift from Trog
 48780 | Vaults:4 | Got an ichor-stained hand axe {god gift}
 48821 | Vaults:4 | Reached XP level 22. HP: 247/247 MP: 22/22
 48916 | Vaults:4 | Got an iridescent quarterstaff
 49488 | Vaults:4 | Received a gift from Trog
 50256 | Elf:1    | Entered Level 1 of the Elven Halls
 50332 | Elf:1    | Identified the ring of the Robin {+Blink rF+ rC+}
 50436 | Elf:1    | Noticed Donald
 50449 | Elf:1    | Killed Donald
 50808 | Elf:1    | Received a gift from Trog
 50809 | Elf:1    | Found the +7 lajatang of Order {silver, rMut}
 51631 | Elf:2    | Received a gift from Trog
 51753 | Elf:2    | Reached XP level 23. HP: 225/254 MP: 23/23
 52055 | Elf:2    | Found a runed translucent gate.
 52055 | Elf:2    | Found a runed translucent gate.
 52055 | Elf:2    | Found a runed translucent gate.
 52426 | Elf:3    | Entered Level 3 of the Elven Halls
 52439 | Elf:3    | Received a gift from Trog
 52732 | Elf:3    | Found Adwue's Weapon Shoppe.
 53408 | Elf:3    | Noticed Nikola
 53460 | Elf:3    | Received a gift from Trog
 53461 | Elf:3    | Reached skill level 15 in Armour
 53482 | Elf:3    | Got a pitted war axe {god gift}
 53657 | Elf:3    | Killed Nikola
 53703 | Elf:3    | Identified the +7 great sword of Iheice {vorpal, *Contam
                  | SInv Stlth+}
 53897 | Elf:3    | Identified the cursed +1 scale mail "Ezxesm" {Str+4}
 53924 | Elf:3    | Cast into level 2 of the Abyss (a deep elf sorcerer)
 54020 | Elf:3    | Escaped the Abyss
 54157 | Elf:3    | Got a pitted war axe
 54173 | Elf:3    | Got a steaming arbalest
 54462 | Depths:1 | Entered Level 1 of the Depths
 54836 | Depths:1 | Identified The Foundations of Spellcraft
 54995 | Depths:1 | Received a gift from Trog
 55146 | Depths:1 | Noticed Saint Roka
 55173 | Depths:1 | Killed Saint Roka
 55174 | Depths:1 | Reached XP level 24. HP: 240/265 MP: 23/23
 55580 | Depths:1 | Found a gateway to Hell.
 55659 | Depths:1 | Identified the ring of the Kangaroo {*Contam Str+8 Int+3
                  | Dex-4 Stlth-}
 55933 | Depths:2 | Received a gift from Trog
 56261 | Depths:2 | Got a crystal hand axe
 56701 | Depths:2 | Got a transparent broad axe
 56842 | Depths:2 | Identified the cursed +1 broad axe of Hastrif {freeze,
                  | rPois rF++ rC+ Int-4} (You found it on level 2 of the
                  | Depths)
 56924 | Depths:3 | Received a gift from Trog
 56952 | Depths:3 | Got a masterwork hand axe {god gift}
 57113 | Depths:3 | Found a glowing golden altar of the Shining One.
 57175 | Depths:3 | Found a one-way gate to the infinite horrors of the Abyss.
 57175 | Depths:3 | Identified the ring of Immorality {+Fly MP+9 Int+3 Dex-3
                  | Slay+6}
 57227 | Depths:3 | Identified the cursed +1 battleaxe "Yschuasto" {flame,
                  | Int+4 Dex+2}
 57299 | Depths:3 | Reached skill level 21 in Fighting
 57353 | Depths:3 | Found a one-way gate leading to the halls of Pandemonium.
 57424 | Depths:3 | Noticed the Enchantress
 57431 | Depths:3 | Killed the Enchantress
 57494 | Depths:3 | Paralysed by a floating eye for 4 turns
 57806 | Depths:3 | Reached XP level 25. HP: 279/279 MP: 23/23
 58046 | Depths:4 | Received a gift from Trog
 58208 | Depths:4 | Found a broken altar of Ashenzari.
 58320 | Depths:4 | Reached skill level 15 in Throwing
 58443 | Depths:4 | Reached skill level 22 in Fighting
 58454 | Depths:4 | Noticed a juggernaut
 58469 | Depths:4 | Killed a juggernaut
 58701 | Depths:4 | Noticed a juggernaut
 58721 | Depths:4 | Killed a juggernaut
 58723 | Depths:4 | Received a gift from Trog
 59003 | Depths:4 | Reached skill level 23 in Fighting
 59280 | Depths:4 | Found a gateway to a ziggurat.
 59510 | Depths:4 | Found Esayb's Armour Boutique.
 59634 | Zig:1    | Entered Level 1 of a ziggurat
 59654 | Zig:2    | Entered Level 2 of a ziggurat
 59662 | Zig:2    | Paralysed by a great orb of eyes for 4 turns
 59688 | Zig:3    | Entered Level 3 of a ziggurat
 59688 | Zig:3    | Found the +2 hood of the Assassin {Detection Stab+ Stlth++}
 59711 | Zig:3    | Got a shimmering morningstar
 59737 | Zig:4    | Entered Level 4 of a ziggurat
 59783 | Zig:5    | Entered Level 5 of a ziggurat
 60030 | Depths:5 | Entered Level 5 of the Depths
 60061 | Depths:5 | Noticed Boris
 60073 | Depths:5 | Killed Boris
 60639 | Depths:5 | Reached XP level 26. HP: 299/299 MP: 23/23
 60654 | Depths:5 | Noticed Xtahua
 60660 | Depths:5 | Killed Xtahua
 60705 | Depths:5 | Noticed a juggernaut
 60718 | Depths:5 | Killed a juggernaut
 61065 | Depths:5 | Reached skill level 24 in Fighting
 61089 | Depths:5 | Noticed a juggernaut
 61107 | Depths:5 | Killed a juggernaut
 61115 | Depths:5 | Noticed Frederick
 61153 | Depths:5 | Killed Frederick
 61153 | Depths:5 | Received a gift from Trog
 61774 | Depths:5 | Found a gate to the Realm of Zot.
 62061 | Depths:5 | Voluntarily entered the Abyss.
 62373 | Abyss:2  | Reached skill level 25 in Fighting
 62624 | Abyss:2  | Received a gift from Trog
 62758 | Abyss:2  | Found a corrupted altar of Lugonu.
 62914 | Abyss:2  | Gained mutation: Your flesh is cold resistant. (rC+) [a
                  | neqoxec]
 63333 | Abyss:2  | Received a gift from Trog
 63440 | Abyss:3  | Gained mutation: Your spells are a little easier to cast,
                  | but a little less powerful. [a neqoxec]
 63588 | Abyss:3  | Reached XP level 27. HP: 317/317 MP: 23/23
 63930 | Abyss:3  | Gained mutation: You are dopey. (Int -2) [a neqoxec]
 63946 | Abyss:3  | Reached skill level 26 in Fighting
 63977 | Abyss:3  | Received a gift from Trog
 64291 | Abyss:4  | Found a corrupted altar of Lugonu.
 64444 | Abyss:4  | Found a corrupted altar of Lugonu.
 64467 | Abyss:4  | Got an abyssal rune of Zot
 64471 | Depths:5 | Escaped the Abyss
 64606 | Zot:1    | Entered Level 1 of the Realm of Zot
 64968 | Zot:2    | Received a gift from Trog
 65263 | Zot:3    | Reached skill level 27 in Fighting
 65278 | Zot:5    | Entered Level 5 of the Realm of Zot
 67381 | Zot:5    | Noticed an ancient lich
 67383 | Zot:5    | Noticed an ancient lich
 67395 | Zot:5    | Noticed an ancient lich
 67396 | Zot:5    | Noticed an orb of fire
 67399 | Zot:5    | Noticed an ancient lich
 67400 | Zot:5    | Killed an ancient lich
 67403 | Zot:5    | Killed an ancient lich
 67408 | Zot:5    | Gained mutation: Your spells are easier to cast, but less
                  | powerful. [an orb of fire]
 67408 | Zot:5    | Noticed an ancient lich
 67410 | Zot:5    | Killed an ancient lich
 67415 | Zot:5    | Killed an orb of fire
 67418 | Zot:5    | Killed an ancient lich
 67421 | Zot:5    | Noticed an ancient lich
 67421 | Zot:5    | Noticed an orb of fire
 67423 | Zot:5    | Noticed an orb of fire
 67437 | Zot:5    | Gained mutation: You are clumsy. (Dex -2) [an orb of fire]
 67442 | Zot:5    | Killed an ancient lich
 67730 | Zot:5    | Gained mutation: You are frail. (-10% HP) [an orb of fire]
 67731 | Zot:5    | Killed an orb of fire
 67802 | Zot:5    | Noticed an ancient lich
 67803 | Zot:5    | Noticed an ancient lich
 67820 | Zot:5    | Killed an ancient lich
 67844 | Zot:5    | Killed an orb of fire
 67921 | Zot:5    | Killed an ancient lich
 68172 | Zot:5    | Killed an ancient lich
 68291 | Zot:5    | Noticed an ancient lich
 68294 | Zot:5    | Killed an ancient lich
 68299 | Zot:5    | Noticed an ancient lich
 68307 | Zot:5    | Killed an ancient lich
 68387 | Zot:5    | Got the Orb of Zot
 69032 | D:$      | Escaped with the Orb!

Illustrated notes

Levels and vault maps discovered:
D:1:      minmay_arrival_split_and_join, layout_rooms, st_stairs_12,
          minmay_misc_feat_encased, nemelex_altar_shiori
D:2:      layout_rooms, overflow_temple_1_default, uniq_terence,
          uniq_crazy_yiuf_cottage
D:3:      layout_rooms, makhleb_altar_promises_db, lemuel_round_altar,
          uniq_sigmund
D:4:      layout_loops_corners, kennysheep_mini
D:5:      layout_layer_cave, lemuel_round_altar, minmay_temple_entry_trees,
          gup_sewer_entry_glass, basic_altar, uniq_pikel
D:6:      layout_gridville, zin_purify, amcnicky_mini_corridor_feature,
          uniq_blork_the_orc
D:7:      layout_loops_ring, grunt_temple_overflow_forces_of_nature,
          general_overflow_altar, nicolae_overflow_hidden_temple,
          lemuel_crystal_altar, serial_glass, glass_columns_a, glass_columns_c,
          glass_columns_a, glass_columns_a, uniq_maggie
D:8:      minmay_slanted_spiral_squares, layout_loops_ring, lair_entry_dummy,
          nicolae_ossuary_entry_plus, minmay_door_square, uniq_prince_ribbit1
D:9:      layout_irregular_city, lemuel_mausoleum_altar_yredelemnul,
          dk_noncrumbling_3
D:10:     layout_roguey, ebering_ghost_funeral_grove
D:11:     layout_irregular_city, david_orc_3, fedhas_altar_fruit_tree, uniq_grum
D:12:     minmay_the_grid_octo_2x2 [minmay_the_grid_octo_tetromino_candy,
          minmay_the_grid_octo_thin_diamonds, minmay_the_grid_octo_clover_2,
          minmay_the_grid_octo_prize_star], layout_irregular_city,
          lemuel_statue_altar
D:13:     layout_rooms, grunt_vaults_entry_tiered, uniq_maurice
D:14:     layout_roguey, tgw_sif, minmay_quadrilaterals
D:15:     grunt_enter_depths_snipers, layout_basic, minmay_shattered_shrine,
          uniq_rupert
Lair:1:   layout_gridlike, lemuel_fruit_fields, serial_bayou_shore_b,
          serial_bayou_shore_b, lemuel_fruit_tree, grunt_megastairs_4
Lair:2:   layout_chaotic_city, minmay_lair_oklob_chamber, grunt_megastairs_1,
          uniq_nergalle, uniq_harold
Lair:3:   layout_gridlike
Lair:4:   layout_hall_layers, swamp_mist, minmay_snake_entry_six_corridors,
          portal_ice_cave_entry_pillars_1, serial_forest,
          infiniplex_forest_lined_ring, infiniplex_forest_straight_2,
          infiniplex_forest_clump_small, infiniplex_forest_clump_double,
          infiniplex_staircase_pool_2
Lair:5:   layout_gridlike, grunt_megastairs_3, serial_bayou_shore_a
Lair:6:   hangedman_lair_tendril_chambers, layout_small_grid, wormcave,
          slime_altar_1, serial_rivers, chequers_serial_rivers_micro_d,
          chequers_serial_rivers_room_a, chequers_serial_rivers_large_a,
          chequers_serial_rivers_large_b, pond
Swamp:1:  layout_falls_marsh, evilmike_swamp_ruin_rubble_2
Swamp:2:  layout_basic_swamp, nicolae_swamp_feature_on_the_river_bank,
          swamp_pool1, nzn_swamp_weyward_sisters
Swamp:3:  layout_falls_marsh, evilmike_swamp_ruin_house_6,
          hangedman_swamp_blocks, swamp_pool3, uniq_aizul
Swamp:4:  swamp_fiery, layout_basic_swamp, swamp_pool3
Snake:1:  layout_misc_corridors, drop_trap, st_stairs_9
Snake:2:  layout_honeycomb, basic_altar, grunt_ministairs_15
Snake:3:  layout_misc_corridors, ebering_ghost_disaster_area, minmay_shoptagon
Snake:4:  snake_pit, layout_misc_corridors, ebering_ghost_inner_flame,
          special_room, minmay_shop_grove, uniq_vashnia
Orc:1:    layout_caves, serial_shops, nicolae_shop_crystal, shop_fountains,
          shop, hangedman_minor_magic
Orc:2:    st_orc_ogre_mass, layout_caves, elves_outpost_lemuel
Elf:1:    minmay_elf_arrival_summoners, layout_gridlike,
          minmay_elf_crystal_hexagon, drop_trap, uniq_donald
Elf:2:    layout_gridlike, hangedman_research_probablistics
Elf:3:    elf_hall_gauntlet_narrow, layout_gridlike, serial_shops,
          nicolae_shop_temple_entry_statues_fountains,
          einodemon_crawler_minivault, uniq_nikola
Vaults:1: nicolae_vaults_little_squares_6, vaults_room_hangedman_quadrants,
          vaults_room_boxed, dpeg_vaults_monster_box, hangedman_vaults_pinch,
          vaults_dpeg_diagonal, hangedman_vaults_slice,
          hangedman_vaults_corner_blocks, hangedman_vaults_stream,
          nicolae_vaults_little_squares_5, v_misc_33,
          nicolae_vaults_angled_halls, vaults_room_pools,
          layout_vaults_big_cross, portal_desolation_entry_nicolae_slug
Vaults:2: v_misc_2, ontoclasm_vaults_fault, vaults_dpeg_cross,
          ontoclasm_vaults_twist, v_misc_3, v_alt_pattern_2, vaults_mumra_hex,
          layout_vaults_quadrants, minmay_crypt_entry_necro_gods, uniq_margery
Vaults:3: nicolae_vaults_network_star, st_greater_box_3, v_misc_29,
          nicolae_vaults_rhombus_5, serial_ice_m, v_pattern_3, v_misc_16,
          vaults_room_pool, nicolae_vaults_specimen_jars, layout_vaults_omnibox,
          serial_shops, shop, shop
Vaults:4: grunt_vaults_diagonal, v_misc_26, vaults_room_door_ring,
          v_alt_pattern_1, vaults_mumra_minichess, hangedman_vaults_nails,
          hangedman_vaults_restitches, dpeg_vaults_pockets_of_resistance,
          hangedman_vaults_stitches, vaults_room_door_hall, vaults_room_pools,
          nicolae_vaults_little_squares_2, layout_vaults_ring, mu_enter_wizlab_4
Depths:1: layout_cave_shapes, hex_medium, hangedman_coc_ice_floe,
          roderic_lattice_a, eino_small_chamber_without_monster,
          minmay_swirly_circle, uniq_saint_roka
Depths:2: grunt_twist_and_shout, layout_long_grid, grunt_hell_entry_dis_old,
          nrook_loot_triangle, infiniplex_staircase_squiggle, firewood_loft
Depths:3: minmay_bad_star, layout_cave_pools, hell_entry, abyss_entry,
          pan_entry, tso_altar, infiniplex_staircase_river, uniq_enchantress
Depths:4: minmay_central_circle, layout_small_grid, enter_ziggurat_a,
          serial_shops, kennysheep_little_box, hangedman_abyss_entry_splay,
          hangedman_tar_grid_catacomb, grunt_pan_entry_spiral,
          ashenzari_altar_1, minmay_staircase_statues, serial_bayou_shore_b
Depths:5: grunt_runaround [grunt_runaround_doors_1, grunt_runaround_doors_2,
          grunt_runaround_doors_3, grunt_runaround_doors_4,
          grunt_runaround_zot], abyss_entry, hell_entry, serial_shops,
          uniq_xtahua, uniq_boris, uniq_frederick
Zot:1:    layout_concentric_octagons
Zot:2:    layout_basic, gammafunk_ghost_mausoleum, hangedman_zot_wheel_spokes,
          bh_zot_lava_cross, st_stairs_12, grunt_ministairs_6
Zot:3:    layout_gridlike, gammafunk_ghost_necromancy
Zot:4:    nicolae_moth_party, layout_basic, grunt_ministairs_13
Zot:5:    layout_gridlike

Skill      XL: |  1  2  3  4  5  6  7  8  9 10 11 12 13 14 15 16 17 18 19 20 21 22 23 24 25 26 27 |
---------------+----------------------------------------------------------------------------------+-----
Fighting       | 5 6 7 8 10 11 12 13 15 16 17 18 20 21 23 25 27 | 27.0
Throwing       | 1 2 3 4 6 7 8 9 11 12 14 16 19 25 | 25.4
Dodging        | 7 8 9 10 11 14 16 18 | 18.3
Axes           | 8 11 13 17 18 19 20 21 22 | 22.6
Evocations     | 3 5 7 8 9 10 | 10.0
Shields        | 2 9 10 14 15 | 15.0
Armour         | 7 10 13 15 | 15.6

Action                   |  1- 3 |  4- 6 |  7- 9 | 10-12 | 13-15 | 16-18 | 19-21 | 22-24 | 25-27 || total
-------------------------+-------+-------+-------+-------+-------+-------+-------+-------+-------++-------
Melee: Hand axe          |    46 |    42 |       |   368 |       |       |       |       |       ||   456
       Quarterstaff      |       |    60 |    26 |       |       |       |       |       |       ||    86
       Dire flail        |       |       |    87 |    37 |       |       |       |       |       ||   124
       Battleaxe         |       |       |       |    81 |       |       |       |       |       ||    81
       Executioner's axe |       |       |       |    12 |   113 |       |       |       |       ||   125
       Broad axe         |       |       |       |       |   531 |  1055 |  1111 |   846 |  1251 ||  4794
Throw: Stone             |    33 |   110 |   190 |   647 |   477 |   994 |   615 |   889 |   542 ||  4497
       Dart              |       |    13 |    23 |    28 |   183 |    20 |       |       |       ||   267
       Boomerang         |       |       |       |       |       |    96 |    36 |   269 |   140 ||   541
       Javelin           |       |       |       |       |       |     1 |       |       |   104 ||   105
       Large rock        |       |       |       |       |       |       |     4 |       |    11 ||    15
       Throwing net      |       |       |       |       |       |       |       |       |     4 ||     4
Invok: Berserk           |     2 |     2 |     3 |     4 |     2 |       |     1 |       |       ||    14
       Trog's Hand       |       |       |     3 |     7 |     2 |     2 |     5 |     5 |    19 ||    43
       Brothers in Arms  |       |       |       |     3 |     1 |     3 |     3 |     4 |    15 ||    29
 Abil: Evoke Flight      |       |       |       |       |       |       |       |       |     2 ||     2
Evoke: Box of beasts     |       |       |       |     1 |     1 |     1 |       |       |     6 ||     9
       Wand              |       |       |       |       |       |     1 |       |     2 |     1 ||     4
       Condenser vane    |       |       |       |       |       |       |       |     1 |     3 ||     4
       Phantom mirror    |       |       |       |       |       |       |       |       |     6 ||     6
       Phial of floods   |       |       |       |       |       |       |       |       |     2 ||     2
       Lightning rod     |       |       |       |       |       |       |       |       |     2 ||     2
  Use: Potion            |       |     4 |     2 |       |       |       |       |     2 |    14 ||    22
       Scroll            |       |     8 |     7 |    11 |    16 |    11 |    12 |     4 |    12 ||    81
 Stab: Sleeping          |       |     1 |       |     1 |       |       |       |       |       ||     2
       Distracted        |       |       |       |       |       |       |     3 |     2 |     3 ||     8
       Paralysed         |       |       |       |       |       |       |       |       |     1 ||     1
       Held in net/web   |       |       |       |       |       |       |       |       |     3 ||     3
Armor: Animal skin       |    14 |    31 |    15 |       |       |       |       |       |       ||    60
       Acid dragon scale |       |       |    12 |   150 |   157 |   101 |    70 |       |       ||   490
       Robe              |       |       |       |       |       |     1 |       |       |       ||     1
       Storm dragon scal |       |       |       |       |       |       |   108 |   152 |   231 ||   491
Dodge: Dodged            |    27 |    43 |    52 |   220 |   238 |   197 |   202 |   226 |   326 ||  1531
Block: Kite shield       |       |       |       |       |   130 |       |       |       |       ||   130
       Tower shield      |       |       |       |       |   111 |   992 |   829 |   703 |  1014 ||  3649
       Reflection        |       |       |       |       |       |   162 |   126 |   149 |    51 ||   488
